AoeStats
← 公鸡神探

Black Forest

503968188Analyzed
4v4 RM · 1mo ago on Sep 3, 2026· 47m 3s· 8 players
Game mode
Random Map
Map size
Large (8 player)
Population
200
Speed
Normal
Resources
Standard
Victory
Conquest
Starting age
Dark Age
Ending age
Imperial Age
RankedLock teamsTeams togetherTeam positionsShared explorationLock speedFull tech treeHidden civsTurbo modeCheats
Victory
Defeat
🇦🇺 Chinese · Australia
1229
+13
1194
+15
🇳🇴 Italians · Norway
1133
+17
🇮🇩 Turks · Indonesia
1122
+18
🇨🇳 Georgians · China
1177
-16
🇹🇭 Burgundians · Thailand
1166
-16
🇨🇳 Sicilians · China
1165
-16
🇨🇳 Jurchens · China
1148
-15
公鸡神探
6:18 Loom
11:49 Feudal Age
15:30 Castle Age
13:34 Double-Bit Axe
13:30 Horse Collar
14:25 Forging
22:38 Bow Saw
31:25 Imperial Age
29:38 Wheelbarrow
29:33 Gold Mining
29:33 Stone Mining
31:33 Scale Barding Armor
32:04 Iron Casting
31:40 Elite Fire Lancer
32:49 Scale Mail Armor
33:30 Heavy Rocket Cart
34:42 Squires
34:28 Arson
36:26 Chemistry
37:32 Chain Mail Armor
38:17 Blast Furnace
42:39 Conscription
42:32 Thunderclap Bombs
43:46 Padded Archer Armor
44:31 Hand Cart
44:02 Town Watch
44:50 Fortified Bastions
我帅我坐中
11:17 Feudal Age
12:45 Loom
16:04 Castle Age
15:13 Horse Collar
15:22 Double-Bit Axe
15:32 Gold Mining
15:32 Stone Mining
20:19 Loom
23:47 Heavy Plow
26:04 Gold Mining
31:04 Imperial Age
29:11 Wheelbarrow
28:21 Town Watch
28:41 Stone Mining
29:05 Bow Saw
31:05 Stone Shaft Mining
30:47 Hand Cart
32:07 Conscription
32:21 Bloodlines
32:11 Husbandry
32:23 Scale Barding Armor
32:28 Forging
32:52 Crop Rotation
33:30 Chain Barding Armor
34:26 Chemistry
33:36 Masonry
33:07 Treadmill Crane
33:39 Masonry
33:28 Murder Holes
33:45 Elite Monaspa
34:44 Aznauri Cavalry
36:01 Plate Barding Armor
36:05 Iron Casting
36:21 Pikeman
37:03 Squires
37:12 Halberdier
37:56 Scale Mail Armor
39:25 Hoardings
40:07 Blast Furnace
39:22 Chain Mail Armor
40:35 Ballistics
40:03 Arrowslits
40:38 Chain Mail Armor
40:13 Fletching
40:23 Padded Archer Armor
42:37 Architecture
42:39 Plate Mail Armor
43:30 Bodkin Arrow
43:50 Leather Archer Armor
46:39 Bracer
46:08 Elite Skirmisher
无甲的joe
1:23 Loom
9:30 Feudal Age
18:20 Fletching
30:15 Castle Age
29:10 Double-Bit Axe
29:09 Horse Collar
30:35 Gold Mining
35:00 Heavy Plow
35:54 Scale Mail Armor
36:42 First Crusade
40:51 Imperial Age
38:56 Wheelbarrow
38:07 Town Watch
38:47 Stone Mining
39:32 Gold Shaft Mining
39:52 Chain Mail Armor
39:48 Forging
41:11 Stone Shaft Mining
41:32 Hand Cart
41:33 Bow Saw
41:10 Elite Serjeant
42:33 Plate Mail Armor
42:38 Iron Casting
44:29 Squires
44:14 Arson
45:38 Blast Furnace
kirtokhan123
12:06 Feudal Age
12:20 Double-Bit Axe
16:38 Castle Age
14:33 Horse Collar
18:52 Loom
23:32 Bow Saw
25:33 Heavy Plow
26:41 Wheelbarrow
25:51 Town Watch
29:09 Fletching
29:51 Burgundian Vineyards
29:59 Gold Mining
29:59 Stone Mining
31:03 Bodkin Arrow
31:13 Scale Barding Armor
32:03 Crop Rotation
32:37 Two-Man Saw
35:34 Imperial Age
34:27 Husbandry
34:00 Cavalier
36:15 Hand Cart
36:00 Town Patrol
36:23 Ballistics
36:16 Fortified Wall
36:00 Paladin
37:12 Chain Barding Armor
37:03 Forging
38:27 Conscription
38:30 Bracer
39:35 Chemistry
38:31 Murder Holes
38:56 Elite Skirmisher
Oz[A]nT
12:30 Feudal Age
18:11 Loom
23:12 Fletching
30:39 Castle Age
30:42 Double-Bit Axe
Gin
1:12 Loom
12:18 Feudal Age
12:43 Man-at-Arms
13:29 Arson
14:25 Wheelbarrow
19:19 Castle Age
17:43 Horse Collar
18:35 Double-Bit Axe
19:13 Stone Mining
22:43 Fletching
24:54 Bodkin Arrow
29:58 Imperial Age
31:00 Conscription
32:14 Chemistry
31:27 Fortified Wall
31:32 Murder Holes
32:00 Bracer
33:11 Thumb Ring
34:00 Padded Archer Armor
35:29 Elite Genoese Crossbowman
36:38 Hand Cart
36:24 Heavy Plow
37:11 Leather Archer Armor
37:54 Gold Mining
39:52 Ring Archer Armor
39:23 Scale Mail Armor
39:34 Forging
40:34 Ballistics
41:14 Bow Saw
41:35 Crop Rotation
43:59 Two-Man Saw
我的农田我的矿
12:06 Feudal Age
15:42 Castle Age
14:13 Double-Bit Axe
14:10 Horse Collar
16:05 Scale Barding Armor
24:17 Heavy Plow
26:24 Chain Barding Armor
27:49 Bloodlines
28:03 Loom
28:54 Wheelbarrow
28:57 Husbandry
29:55 Gold Mining
31:42 Forging
35:04 Imperial Age
33:51 Gold Shaft Mining
35:45 Iron Casting
34:50 Cavalier
36:00 Conscription
37:00 Plate Barding Armor
36:39 Bow Saw
37:38 Stone Mining
39:11 Blast Furnace
40:05 Citadels
39:17 Savar
40:14 Thumb Ring
39:30 Crossbowman
40:12 Kamandaran
42:58 Ballistics
42:37 Fletching
43:38 Padded Archer Armor
43:33 Bodkin Arrow
44:41 Chemistry
45:08 Leather Archer Armor
46:24 Two-Man Saw
46:24 Squires
46:11 Light Cavalry
47:43 Ring Archer Armor
Uncle Cheese
0:26 Loom
10:41 Feudal Age
11:54 Double-Bit Axe
11:50 Horse Collar
16:04 Castle Age
17:05 Bow Saw
17:20 Heavy Plow
25:58 Wheelbarrow
27:09 Scale Mail Armor
27:21 Forging
28:18 Hand Cart
30:41 Imperial Age
29:44 Man-at-Arms
30:27 Squires
30:15 Arson
30:56 Chain Mail Armor
31:16 Iron Casting
31:00 Masonry
30:47 Gold Mining
30:48 Stone Mining
30:48 Capped Ram
30:53 Elite Fire Lancer
32:34 Plate Mail Armor
31:50 Siege Ram
31:56 Long Swordsman
33:52 Conscription
35:11 Blast Furnace
Connection lost

Rejoining the realm…

Still unreachable

The connection could not be restored.

Session expired

The server has moved on; the page needs a fresh start.